 Dungeon Crawl Stone Soup version 0.31.0-32-g396128a36d (webtiles) character file.

Game seed: 15062802606000556796

1310 Doomgape the Trooper (level 8, -1/53 HPs)
             Began as a Gargoyle Fighter on Mar 28, 2024.
             Slain by a wight
             ... wielding a +5 war axe
              (7 damage)
             ... on level 6 of the Dungeon on Mar 30, 2024.
             The game lasted 00:14:14 (5249 turns).

Doomgape the Trooper (Gargoyle Fighter)             Turns: 5249, Time: 00:14:15

Health: -1/53      AC: 14    Str: 22    XL:     8   Next: 58%
Magic:  8/8        EV:  9    Int:  9    God:
Gold:   244        SH:  4    Dex:  9    Spells: 7/7 levels left

rFire   . . .        t - +4 flail
rCold   . . .        c - +0 buckler
rNeg    + + .        b - +0 scale mail
rPois   ∞            (no helmet)
rElec   +            n - +0 cloak {Stlth+}
rCorr   .            (no gloves)
SInv    .            (no boots)
Will    +....        (no amulet)
Stlth   +            p - ring of positive energy
HPRegen 0.28/turn    A - ring of willpower
MPRegen 0.11/turn

%: no passive effects
@: mighty
A: sickness immunity, AC +5, negative energy resistance 1, electricity
resistance, torment resistance 1, petrification resistance
a: no special abilities


You were on level 6 of the Dungeon.
You visited 1 branch of the dungeon, and saw 6 of its levels.
You also visited: Sewer.

You collected 244 gold pieces.

Inventory:

Hand Weapons
 t - a +4 flail (weapon)
Missiles
 o - 3 silver javelins (quivered)
Armour
 b - a +0 scale mail (worn)
 c - a +0 buckler (worn)
 n - a +0 cloak of stealth (worn)
Jewellery
 p - a ring of positive energy (left hand)
 A - a ring of willpower (right hand)
Scrolls
 a - 2 scrolls of noise
 e - 4 scrolls of fear
 i - 2 scrolls of vulnerability
 j - a scroll of enchant weapon
 r - 2 scrolls of poison
 u - a scroll of amnesia
 x - a scroll of teleportation
 y - 2 scrolls of identify
 z - a scroll of fog
Potions
 d - 2 potions of might
 f - a potion of mutation {unknown}
 g - a potion of curing
 h - 2 potions of haste
 k - a potion of attraction {unknown}
 l - a potion of degeneration {unknown}
 m - a potion of ambrosia {unknown}
 s - a potion of heal wounds
 v - 2 potions of resistance {unknown}
 w - 3 potions of magic {unknown}


   Skills:
 + Level 7.3 Fighting
 + Level 6.1 Maces & Flails
 + Level 7.1 Armour
 - Level 3.3 Shields


You had 7 spell levels left.
You didn't know any spells.
Your spell library contained the following spells:

 Spells                   Type           Power      Damage    Failure   Level
 Blink                    Tloc           0%         N/A       87%         2
 Lesser Beckoning         Tloc           0%         N/A       87%         2
 Momentum Strike          Conj/Tloc      0%         3d8       87%         2
 Gell's Gravitas          Tloc           0%         N/A       98%         3
 Inner Flame              Hex/Fire       0%         N/A       98%         3
 Teleport Other           Tloc           0%         N/A       98%         3
 Flame Wave               Conj/Fire      0%         2d4       100%        4
 Sticky Flame             Fire/Alch      0%         2d4       100%        4
 Dispersal                Tloc           0%         N/A       100%        6


Dungeon Overview and Level Annotations

Branches:
Dungeon (6/15)              Sewer (visited)
 Temple: D:4-7

Altars:
The Shining One

Shops:
D:4 [   D:6 *


Innate Abilities, Weirdness & Mutations

You are immune to sickness and miasma.
Your stone body is resilient. (AC +5)
You are immune to poison.
You resist negative energy. (rN+)
You are resistant to electric shocks. (rElec)
You are resistant to unholy torment.
You are immune to petrification.


Message History

The wight is almost destroyed.
The wight hits you with a +4 hand axe of freezing.
The wight freezes you.
You hit the wight.
You destroy the wight!
Things that are here:
a +4 hand axe of freezing; a +0 robe Unknown command. 2 wights come into view.
Found 11 gold pieces.
There are monsters nearby! 2 wights come into view.
Found 2 potions of curing.
The wight moves out of view.
You sock the wight!
The wight is moderately damaged.
The wight hits you with a +5 war axe.
You barely miss the wight.
The wight is moderately damaged.
The wight closely misses you.
You hit the wight.
The wight is severely damaged.
The wight hits you but does no damage.
You closely miss the wight.
The wight is severely damaged.
You block the wight's attack.
You barely miss the wight.
The wight is severely damaged.
The wight hits you with a +5 war axe! The wight barely misses you.
You hit the wight.
The wight is severely damaged.
The wight closely misses you.
You feel very mighty all of a sudden. The wight hits you with a +5 war axe!
* * * LOW HITPOINT WARNING * * *
Unknown command.
The wight attacks as it pursues you! The wight hits you but does no damage.
Things that are here:
a +4 hand axe of freezing; a +0 robe The wight attacks as it pursues you!
The wight hits you with a +5 war axe!
You die...

###########
##...#.....##
#..........(#
#...........#
######...##<.######
###....#...###'####.##
#....................#
#..)z@...............#
##z##############..###
#.# ####..###


zzz +........ ...$. #........ ....... #.....##. ......... #...).### ...........
#........ ###..!###.##. ..##....##. You could see 2 wights.

Vanquished Creatures
  A water moccasin (D:5)
  4 ice beasts
  A centaur (D:5)
  A kobold brigand (Sewer)
  A wight (D:6)
  A hound (D:5)
  A bombardier beetle (D:5)
  Crazy Yiuf (D:3)
  2 orc priests
  A sleepcap (D:5)
  A gnoll bouda (D:5)
  2 orc wizards
  An iguana (D:5)
  7 gnolls
  6 adders
  7 river rats
  A dart slug (D:2)
  2 ribbon worms
  14 orcs
  6 bats
  7 endoplasms
  3 giant cockroaches
  9 goblins
  6 hobgoblins
  12 jackals
  5 quokkas
  13 ball pythons
  6 frilled lizards
  21 kobolds
  44 rats
187 creatures vanquished.

Notes
Turn   | Place    | Note
-------+----------+-------------------------------------------
     0 | D:1      | Doomgape the Gargoyle Fighter began the quest for the Orb.
     0 | D:1      | Reached XP level 1. HP: 14/14 MP: 1/1
   113 | D:1      | Reached XP level 2. HP: 16/19 MP: 2/2
   451 | D:1      | Reached XP level 3. HP: 24/24 MP: 3/3
  1110 | D:2      | Reached XP level 4. HP: 23/29 MP: 4/4
  1314 | D:2      | Found a faded altar of an unknown god.
  1704 | D:3      | Reached XP level 5. HP: 34/34 MP: 5/5
  2329 | D:3      | Found a runed translucent door.
  2330 | D:3      | Noticed Crazy Yiuf
  2343 | D:3      | Killed Crazy Yiuf
  2344 | D:3      | Reached XP level 6. HP: 14/40 MP: 4/6
  2642 | D:4      | Reached skill level 5 in Fighting
  2764 | D:4      | Found Neruc's Antique Armour Boutique.
  2818 | D:4      | Identified the +1 robe of Mezcal {Int+5}
  2874 | D:4      | Found a glowing golden altar of the Shining One.
  3558 | D:5      | Entered Level 5 of the Dungeon
  3578 | D:5      | Reached skill level 5 in Armour
  3609 | D:5      | Noticed a water moccasin
  3613 | D:5      | Killed a water moccasin
  3643 | D:5      | Reached XP level 7. HP: 24/44 MP: 7/7
  4193 | D:5      | Found a glowing drain.
  4208 | Sewer    | Entered a sewer
  4406 | Sewer    | Reached skill level 5 in Maces & Flails
  4668 | D:5      | Reached XP level 8. HP: 52/52 MP: 8/8
  5104 | D:6      | Found Ahaam's Assorted Antiques.
  5249 | D:6      | Slain by a wight

Illustrated notes

Levels and vault maps discovered:
D:1:      saegor_arrival_under_anarchy, layout_rooms, minmay_tromino_v7
D:2:      layout_basic, serial_bayou, serial_bayou_pond_d, serial_bayou_shore_a,
          serial_bayou_pond_d, serial_bayou_pond_a,
          ebering_ecumenical_altar_abandoned
D:3:      layout_loops_ring, minmay_misc_feat_rugged, reono_crystal_passage,
          uniq_crazy_yiuf_cottage
D:4:      layout_layer_cave, marbit_many_paths, serial_shops, shop, st_stairs_14
D:5:      layout_cave_pools, portal_sewer_entry_a, serial_glass,
          glass_columns_a, glass_columns_b, kb_lookout_dungeons_type
D:6:      layout_gridville, kennysheep_mini_moat, serial_shops, shop

Skill      XL: |  1  2  3  4  5  6  7  8 |
---------------+-------------------------+-----
Fighting       | 4 5 6 7 |  7.3
Armour         | 4 5 6 7 |  7.1
Maces & Flails | 3 4 5 6 |  6.1
Shields        | |  3.3

Action                     |  1- 3 |  4- 6 |  7- 9 || total
---------------------------+-------+-------+-------++-------
  Melee: Flail             |   178 |   190 |   267 ||   635
    Use: Scroll            |     5 |     5 |     2 ||    12
         Potion            |       |     3 |     4 ||     7
 Armour: Scale mail        |   167 |   151 |   261 ||   579
  Dodge: Dodged            |   139 |    82 |   137 ||   358
  Block: Buckler           |    57 |    32 |    75 ||   164
